Workbook

Sheet Google Financial Statements
A1: Alphabet Inc. (GOOGL) | H1: Monthly Prices
A2: Income Statement | H2: Date | I2: Adj Close** | J2: Return
H3: 43617 | I3: 1125.37 | J3: =I3/I4-1 -> 0.017053773
A4: All numbers in thousands | B4: 43465 | C4: 43100 | D4: 42735 | E4: 42369 | H4: 43586 | I4: 1106.5 | J4: =I4/I5-1 -> -0.077116835
A5: Total Revenue | B5: 136819000 | C5: 110855000 | D5: 90272000 | E5: 74989000 | H5: 43556 | I5: 1198.96 | J5: =I5/I6-1 -> 0.018752815
A6: Cost of Revenue | B6: 59549000 | C6: 45583000 | D6: 35138000 | E6: 28164000 | H6: 43525 | I6: 1176.89 | J6: =I6/I7-1 -> 0.044685101
A7: Gross Profit | B7: =B5-B6 -> 77270000 | C7: =C5-C6 -> 65272000 | D7: =D5-D6 -> 55134000 | E7: =E5-E6 -> 46825000 | H7: 43497 | I7: 1126.55 | J7: =I7/I8-1 -> 0.00058620292
A8: Operating Expenses | H8: 43466 | I8: 1125.89 | J8: =I8/I9-1 -> 0.077447941
A9: Research Development | B9: 21419000 | C9: 16625000 | D9: 13948000 | E9: 12282000 | H9: 43435 | I9: 1044.96 | J9: =I9/I10-1 -> -0.058297661 | K9: =AVERAGE(I9:I20) -> 1123.5283
A10: Selling General and Administrative | B10: 24459000 | C10: 19765000 | D10: 17470000 | E10: 15183000 | H10: 43405 | I10: 1109.65 | J10: =I10/I11-1 -> 0.017486108
A11: Non Recurring | B11: 0 | C11: 0 | D11: 0 | E11: 0 | H11: 43374 | I11: 1090.58 | J11: =I11/I12-1 -> -0.096513901
A12: Others | B12: 0 | C12: 0 | D12: 0 | E12: 0 | G12: =B13-B10-B9 -> 0 | H12: 43344 | I12: 1207.08 | J12: =I12/I13-1 -> -0.020068193
A13: Total Operating Expenses | B13: =SUM(B9:B12) -> 45878000 | C13: =SUM(C9:C12) -> 36390000 | D13: =SUM(D9:D12) -> 31418000 | E13: =SUM(E9:E12) -> 27465000 | H13: 43313 | I13: 1231.8 | J13: =I13/I14-1 -> 0.0037320122
A14: Operating Income or Loss | B14: =B7-B13 -> 31392000 | C14: =C7-C13 -> 28882000 | D14: =D7-D13 -> 23716000 | E14: =E7-E13 -> 19360000 | H14: 43282 | I14: 1227.22 | J14: =I14/I15-1 -> 0.086814442
A15: Income from Continuing Operations | H15: 43252 | I15: 1129.19 | J15: =I15/I16-1 -> 0.026536364
A16: Total Other Income/Expenses Net | B16: 3521000 | C16: -1689000 | D16: 434000 | E16: 291000 | H16: 43221 | I16: 1100 | J16: =I16/I17-1 -> 0.079934811
A17: Earnings Before Interest and Taxes | B17: 31392000 | C17: 28882000 | D17: 23716000 | E17: 19360000 | H17: 43191 | I17: 1018.58 | J17: =I17/I18-1 -> -0.017895366
A18: Interest Expense | B18: -114000 | C18: -109000 | D18: -124000 | E18: -104000 | H18: 43160 | I18: 1037.14 | J18: =I18/I19-1 -> -0.060493514
A19: Income Before Tax | B19: 34913000 | C19: 27193000 | D19: 24150000 | E19: 19651000 | H19: 43132 | I19: 1103.92 | J19: =I19/I20-1 -> -0.066231328
A20: Income Tax Expense | B20: 4177000 | C20: 14531000 | D20: 4672000 | E20: 3303000 | H20: 43101 | I20: 1182.22 | J20: =I20/I21-1 -> 0.12228973
A21: Minority Interest | H21: 43070 | I21: 1053.4 | J21: =I21/I22-1 -> 0.016628546 | K21: =AVERAGE(I21:I32) -> 945.02583
A22: Net Income From Continuing Ops | B22: 30736000 | C22: 12662000 | D22: 19478000 | E22: 16348000 | H22: 43040 | I22: 1036.17 | J22: =I22/I23-1 -> 0.0030298924
A23: Non-recurring Events | H23: 43009 | I23: 1033.04 | J23: =I23/I24-1 -> 0.060921004
A24: Discontinued Operations | B24: 0 | C24: 0 | D24: 0 | E24: 0 | H24: 42979 | I24: 973.72 | J24: =I24/I25-1 -> 0.031188114
A25: Extraordinary Items | B25: 0 | C25: 0 | D25: 0 | E25: 0 | H25: 42948 | I25: 944.27 | J25: =I25/I26-1 -> -0.001300899
A26: Effect Of Accounting Changes | B26: 0 | C26: 0 | D26: 0 | E26: 0 | H26: 42917 | I26: 945.5 | J26: =I26/I27-1 -> 0.017016608
A27: Other Items | B27: 0 | C27: 0 | D27: 0 | E27: 0 | H27: 42887 | I27: 929.68 | J27: =I27/I28-1 -> -0.058160857
A28: Net Income | H28: 42856 | I28: 987.09 | J28: =I28/I29-1 -> 0.067678363
A29: Net Income | B29: 30736000 | C29: 12662000 | D29: 19478000 | E29: 16348000 | H29: 42826 | I29: 924.52 | J29: =I29/I30-1 -> 0.090493041
A30: Preferred Stock And Other Adjustments | B30: 0 | C30: 0 | D30: 0 | E30: 0 | H30: 42795 | I30: 847.8 | J30: =I30/I31-1 -> 0.0033967311
A31: Net Income Applicable To Common Shares | B31: 30736000 | C31: 12662000 | D31: 19478000 | E31: 16348000 | H31: 42767 | I31: 844.93 | J31: =I31/I32-1 -> 0.030163743
A32: Average price | B32: 1123.5283 | C32: 945.02583 | D32: 765.18417 | H32: 42736 | I32: 820.19 | J32: =I32/I33-1 -> 0.013268269
A33: EPS | B33: 43.7 | C33: 18 | D33: 27.85 | E33: 22.84 | H33: 42705 | I33: 809.45 | J33: =I33/I34-1 -> 0.043267 | K33: =AVERAGE(I33:I44) -> 765.18417
H34: 42675 | I34: 775.88 | J34: =I34/I35-1 -> -0.042005186
A35: Balance Sheet | H35: 42644 | I35: 809.9 | J35: =I35/I36-1 -> 0.0072631396
A36: All numbers in thousands | B36: 43465 | C36: 43100 | D36: 42735 | E36: 42369 | H36: 42614 | I36: 804.06 | J36: =I36/I37-1 -> 0.017990758
A37: Current Assets | H37: 42583 | I37: 789.85 | J37: =I37/I38-1 -> -0.0018828822
A38: Cash And Cash Equivalents | B38: 16701000 | C38: 10715000 | D38: 12918000 | E38: 15409000 | H38: 42552 | I38: 791.34 | J38: =I38/I39-1 -> 0.12481344
A39: Short Term Investments | B39: 92439000 | C39: 91156000 | D39: 73415000 | E39: 56517000 | H39: 42522 | I39: 703.53 | J39: Mean | K39: =AVERAGE(J3:J38) -> 0.014513092
A40: Net Receivables | B40: 21193000 | C40: 18705000 | D40: 15632000 | E40: 13459000 | H40: 42491 | I40: 748.85 | J40: Standard deviation | K40: =_xlfn.STDEV.S(J3:J38) -> 0.053584375
A41: Inventory | B41: 1107000 | C41: 749000 | D41: 268000 | E41: 491000 | H41: 42461 | I41: 707.88
A42: Other Current Assets | B42: 4236000 | C42: 2983000 | D42: 3175000 | E42: 1590000 | H42: 42430 | I42: 762.9
A43: Total Current Assets | B43: 135676000 | C43: 124308000 | D43: 105408000 | E43: 90114000 | H43: 42401 | I43: 717.22
A44: Long Term Investments | B44: 13859000 | C44: 7813000 | D44: 5878000 | E44: 5183000 | H44: 42370 | I44: 761.35
A45: Property Plant and Equipment | B45: 59719000 | C45: 42383000 | D45: 34234000 | E45: 29016000 | H45: 42339 | I45: 778.01
A46: Goodwill | B46: 17888000 | C46: 16747000 | D46: 16468000 | E46: 15869000 | H46: 42309 | I46: 762.85
A47: Intangible Assets | B47: 2220000 | C47: 2692000 | D47: 3307000 | E47: 3847000 | H47: 42278 | I47: 737.39
A48: Accumulated Amortization | B48: 0 | C48: 0 | D48: 0 | E48: 0 | H48: 42248 | I48: 638.37
A49: Other Assets | B49: 3430000 | C49: 3352000 | D49: 2202000 | E49: 3432000 | H49: 42217 | I49: 647.82
A50: Deferred Long Term Asset Charges | B50: 737000 | C50: 680000 | D50: 383000 | E50: 251000 | H50: 42186 | I50: 657.5
A51: Total Assets | B51: 232792000 | C51: 197295000 | D51: 167497000 | E51: 147461000 | H51: 42156 | I51: -
A52: Current Liabilities
A53: Accounts Payable | B53: 4378000 | C53: 3137000 | D53: 2041000 | E53: 1931000
A54: Short/Current Long Term Debt | B54: =B56-B55-B53 -> 14233000 | C54: =C56-C55-C53 -> 10395000 | D54: =D56-D55-D53 -> 8864000 | E54: =E56-E55-E53 -> 13052000
A55: Other Current Liabilities | B55: 16009000 | C55: 10651000 | D55: 5851000 | E55: 4327000
A56: Total Current Liabilities | B56: 34620000 | C56: 24183000 | D56: 16756000 | E56: 19310000
A57: Long Term Debt | B57: 3950000 | C57: 3943000 | D57: 3935000 | E57: 1995000
A58: Other Liabilities | B58: 16532000 | C58: 16641000 | D58: 7770000 | E58: 5825000
A59: Deferred Long Term Liability Charges | B59: 0 | C59: 0 | D59: 0 | E59: 0
A60: Minority Interest | B60: 0 | C60: 0 | D60: 0 | E60: 0
A61: Negative Goodwill | B61: 0 | C61: 0 | D61: 0 | E61: 0
A62: Total Liabilities | B62: 55164000 | C62: 44793000 | D62: 28461000 | E62: 27130000
A63: Stockholders' Equity
A64: Misc. Stocks Options Warrants | B64: 0 | C64: 0 | D64: 0 | E64: 0
A65: Redeemable Preferred Stock | B65: 0 | C65: 0 | D65: 0 | E65: 0
A66: Preferred Stock | B66: 0 | C66: 0 | D66: 0 | E66: 0
A67: Common Stock | B67: 45049000 | C67: 40247000 | D67: 36307000 | E67: 32982000
A68: Retained Earnings | B68: 134885000 | C68: 113247000 | D68: 105131000 | E68: 89223000
A69: Treasury Stock | B69: -2306000 | C69: -992000 | D69: -2402000 | E69: -1874000
A70: Capital Surplus | B70: 0 | C70: 0 | D70: 0 | E70: 0
A71: Other Stockholder Equity | B71: -2306000 | C71: -992000 | D71: -2402000 | E71: -1874000
A72: Total Stockholder Equity | B72: 177628000 | C72: 152502000 | D72: 139036000 | E72: 120331000
A73: Net Tangible Assets | B73: 157520000 | C73: 133063000 | D73: 119261000 | E73: 100615000
A76: Cash Flow
A77: All numbers in thousands
A78: Period Ending | B78: 43465 | C78: 43100 | D78: 42735 | E78: 42369
A79: Net Income | B79: 30736000 | C79: 12662000 | D79: 19478000 | E79: 16348000
A80: Operating Activities, Cash Flows Provided By or Used In
A81: Depreciation | B81: 9029000 | C81: 6899000 | D81: 6100000 | E81: 5024000
A82: Adjustments To Net Income | B82: 3298000 | C82: 8284000 | D82: 7158000 | E82: 5609000
A83: Changes In Accounts Receivables | B83: -2169000 | C83: -3768000 | D83: -2578000 | E83: -2094000
A84: Changes In Liabilities | B84: 1438000 | C84: 1121000 | D84: 333000 | E84: 246000
A85: Changes In Inventories
A86: Changes In Other Operating Activities | B86: 7890000 | C86: 3682000 | D86: 2420000 | E86: 1618000
A87: Total Cash Flow From Operating Activities | B87: 47971000 | C87: 37091000 | D87: 36036000 | E87: 26572000
A88: Investing Activities, Cash Flows Provided By or Used In
A89: Capital Expenditures | B89: -25139000 | C89: -13184000 | D89: -10212000 | E89: -9950000
A90: Investments | B90: -1972000 | C90: -19448000 | D90: -18229000 | E90: -13635000
A91: Other Cash flows from Investing Activities | B91: 0 | C91: 1419000 | D91: -1978000 | E91: 75000
A92: Total Cash Flows From Investing Activities | B92: -28504000 | C92: -31401000 | D92: -31165000 | E92: -23711000
A93: Financing Activities, Cash Flows Provided By or Used In
A94: Dividends Paid | B94: 0 | C94: 0 | D94: 0 | E94: 0
A95: Sale Purchase of Stock | B95: 0 | C95: 0 | D95: 0 | E95: 0
A96: Net Borrowings | B96: -61000 | C96: -86000 | D96: -1335000 | E96: -23000
A97: Other Cash Flows from Financing Activities | B97: -4043000 | C97: -3366000 | D97: -3304000 | E97: -2422000
A98: Total Cash Flows From Financing Activities | B98: -13179000 | C98: -8298000 | D98: -8332000 | E98: -4225000
A99: Effect Of Exchange Rate Changes | B99: -302000 | C99: 405000 | D99: -170000 | E99: -434000
A100: Change In Cash and Cash Equivalents | B100: 5986000 | C100: -2203000 | D100: -3631000 | E100: -1798000

Sheet FB Financial Statements
A1: Facebook, Inc. (FB) | H1: Monthly prices
A2: Income Statement | H2: Date | I2: Adj Close** | J2: Return
A3: All numbers in thousands | H3: 43617 | I3: 191.14 | J3: =I3/I4-1 -> 0.077027103
A4: Revenue | B4: 43465 | C4: 43100 | D4: 42735 | E4: 42369 | H4: 43586 | I4: 177.47 | J4: =I4/I5-1 -> -0.082368149
A5: Total Revenue | B5: 55838000 | C5: 40653000 | D5: 27638000 | E5: 17928000 | H5: 43556 | I5: 193.4 | J5: =I5/I6-1 -> 0.16023757
A6: Cost of Revenue | B6: 9355000 | C6: 5454000 | D6: 3789000 | E6: 2867000 | H6: 43525 | I6: 166.69 | J6: =I6/I7-1 -> 0.032455869
A7: Gross Profit | B7: =B5-B6 -> 46483000 | C7: =C5-C6 -> 35199000 | D7: =D5-D6 -> 23849000 | E7: =E5-E6 -> 15061000 | H7: 43497 | I7: 161.45 | J7: =I7/I8-1 -> -0.031435599
A8: Operating Expenses | H8: 43466 | I8: 166.69 | J8: =I8/I9-1 -> 0.27156915
A9: Research Development | B9: 10273000 | C9: 7754000 | D9: 5919000 | E9: 4816000 | H9: 43435 | I9: 131.09 | J9: =I9/I10-1 -> -0.067705 | K9: =AVERAGE(I9:I20) -> 168.28
A10: Selling General and Administrative | B10: 11297000 | C10: 7242000 | D10: 5503000 | E10: 4020000 | H10: 43405 | I10: 140.61 | J10: =I10/I11-1 -> -0.073654391
A11: Non Recurring | B11: 0 | C11: 0 | D11: 0 | E11: 0 | H11: 43374 | I11: 151.79 | J11: =I11/I12-1 -> -0.07704001
A12: Others | B12: 0 | C12: 0 | D12: 0 | E12: 0 | H12: 43344 | I12: 164.46 | J12: =I12/I13-1 -> -0.064132476
A13: Total Operating Expenses | B13: =B9+B10+B11+B12 -> 21570000 | C13: =C9+C10+C11+C12 -> 14996000 | D13: =D9+D10+D11+D12 -> 11422000 | E13: =E9+E10+E11+E12 -> 8836000 | H13: 43313 | I13: 175.73 | J13: =I13/I14-1 -> 0.018252405
A14: Operating Income or Loss | B14: =B7-B13 -> 24913000 | C14: =C7-C13 -> 20203000 | D14: =D7-D13 -> 12427000 | E14: =E7-E13 -> 6225000 | H14: 43282 | I14: 172.58 | J14: =I14/I15-1 -> -0.11187732
A15: Income from Continuing Operations | H15: 43252 | I15: 194.32 | J15: =I15/I16-1 -> 0.013244342
A16: Total Other Income/Expenses Net | B16: 448000 | C16: 391000 | D16: 91000 | E16: -31000 | H16: 43221 | I16: 191.78 | J16: =I16/I17-1 -> 0.115
A17: Earnings Before Interest and Taxes | B17: 24913000 | C17: 20203000 | D17: 12427000 | E17: 6225000 | H17: 43191 | I17: 172 | J17: =I17/I18-1 -> 0.076412792
A18: Interest Expense | B18: -9000 | C18: -6000 | D18: -10000 | E18: -23000 | H18: 43160 | I18: 159.79 | J18: =I18/I19-1 -> -0.10391431
A19: Income Before Tax | B19: 25361000 | C19: 20594000 | D19: 12518000 | E19: 6194000 | H19: 43132 | I19: 178.32 | J19: =I19/I20-1 -> -0.045855851
A20: Income Tax Expense | B20: 3249000 | C20: 4660000 | D20: 2301000 | E20: 2506000 | H20: 43101 | I20: 186.89 | J20: =I20/I21-1 -> 0.05910688
A21: Minority Interest | B21: 0 | C21: 0 | D21: 0 | E21: 0 | H21: 43070 | I21: 176.46 | J21: =I21/I22-1 -> -0.0040636641 | K21: =AVERAGE(I21:I32) -> 158.86583
A22: Net Income From Continuing Ops | B22: 22112000 | C22: 15934000 | D22: 10217000 | E22: 3688000 | H22: 43040 | I22: 177.18 | J22: =I22/I23-1 -> -0.015994668
A23: Non-recurring Events | H23: 43009 | I23: 180.06 | J23: =I23/I24-1 -> 0.053783578
A24: Discontinued Operations | B24: 0 | C24: 0 | D24: 0 | E24: 0 | H24: 42979 | I24: 170.87 | J24: =I24/I25-1 -> -0.0063964645
A25: Extraordinary Items | B25: 0 | C25: 0 | D25: 0 | E25: 0 | H25: 42948 | I25: 171.97 | J25: =I25/I26-1 -> 0.016070901
A26: Effect Of Accounting Changes | B26: 0 | C26: 0 | D26: 0 | E26: 0 | H26: 42917 | I26: 169.25 | J26: =I26/I27-1 -> 0.12100941
A27: Other Items | B27: 0 | C27: 0 | D27: 0 | E27: 0 | H27: 42887 | I27: 150.98 | J27: =I27/I28-1 -> -0.0031691536
A28: Net Income | H28: 42856 | I28: 151.46 | J28: =I28/I29-1 -> 0.0080532446
A29: Net Income | B29: 22112000 | C29: 15934000 | D29: 10217000 | E29: 3688000 | H29: 42826 | I29: 150.25 | J29: =I29/I30-1 -> 0.057726153
A30: Preferred Stock And Other Adjustments | B30: 0 | C30: 0 | D30: 0 | E30: 0 | H30: 42795 | I30: 142.05 | J30: =I30/I31-1 -> 0.048030102
A31: Net Income Applicable To Common Shares | B31: 22111000 | C31: 15920000 | D31: 10188000 | E31: 3669000 | H31: 42767 | I31: 135.54 | J31: =I31/I32-1 -> 0.040055249
A32: Average price | B32: 168.28 | C32: 158.86583 | D32: 118.89083 | H32: 42736 | I32: 130.32 | J32: =I32/I33-1 -> 0.1327249
A33: EPS | B33: 7.57 | C33: 5.39 | D33: 3.49 | E33: 1.29 | H33: 42705 | I33: 115.05 | J33: =I33/I34-1 -> -0.028458031 | K33: =AVERAGE(I33:I44) -> 118.89083
H34: 42675 | I34: 118.42 | J34: =I34/I35-1 -> -0.095961524
H35: 42644 | I35: 130.99 | J35: =I35/I36-1 -> 0.02120527
A36: Balance Sheet | H36: 42614 | I36: 128.27 | J36: =I36/I37-1 -> 0.017047257
A37: All numbers in thousands | H37: 42583 | I37: 126.12 | J37: =I37/I38-1 -> 0.017589156
A38: Period Ending | B38: 43465 | C38: 43100 | D38: 42735 | E38: 42369 | H38: 42552 | I38: 123.94 | J38: =I38/I39-1 -> 0.084529226
A39: Current Assets | H39: 42522 | I39: 114.28 | J39: Mean | K39: =AVERAGE(J3:J38) -> 0.01747511
A40: Cash And Cash Equivalents | B40: 10019000 | C40: 8079000 | D40: 8903000 | E40: 4907000 | H40: 42491 | I40: 118.81 | J40: Standard deviation | K40: =_xlfn.STDEV.S(J3:J38) -> 0.081589102
A41: Short Term Investments | B41: 31095000 | C41: 33632000 | D41: 20546000 | E41: 13527000 | H41: 42461 | I41: 117.58
A42: Net Receivables | B42: 7587000 | C42: 5832000 | D42: 3993000 | E42: 2559000 | H42: 42430 | I42: 114.1
A43: Inventory | B43: 0 | C43: 0 | D43: 0 | E43: 0 | H43: 42401 | I43: 106.92
A44: Other Current Assets | B44: 10000 | C44: 18000 | D44: 0 | E44: 0 | H44: 42370 | I44: 112.21
A45: Total Current Assets | B45: 50480000 | C45: 48563000 | D45: 34401000 | E45: 21652000 | H45: 42339 | I45: 104.66
A46: Long Term Investments | B46: 0 | C46: 0 | D46: 0 | E46: 0 | H46: 42309 | I46: 104.24
A47: Property Plant and Equipment | B47: 24683000 | C47: 13721000 | D47: 8591000 | E47: 5687000 | H47: 42278 | I47: 101.97
A48: Goodwill | B48: 18301000 | C48: 18221000 | D48: 18122000 | E48: 18026000 | H48: 42248 | I48: 89.9
A49: Intangible Assets | B49: 1294000 | C49: 1884000 | D49: 2535000 | E49: 3246000 | H49: 42217 | I49: 89.73
A50: Accumulated Amortization | B50: 0 | C50: 0 | D50: 0 | E50: 0 | H50: 42186 | I50: 94.01
A51: Other Assets | B51: 2576000 | C51: 2135000 | D51: 1312000 | E51: 796000 | H51: 42156 | I51: 85.77
A52: Deferred Long Term Asset Charges | B52: 0 | C52: 0 | D52: 0 | E52: 0 | H52: 42125 | I52: 79.19
A53: Total Assets | B53: 97334000 | C53: 84524000 | D53: 64961000 | E53: 49407000 | H53: 42095 | I53: -
A54: Current Liabilities
A55: Accounts Payable | B55: 820000 | C55: 380000 | D55: 302000 | E55: 196000
A56: Short/Current Long Term Debt | B56: =B58-B57-B55 -> 1703000 | C56: =C58-C57-C55 -> 790000 | D56: =D58-D57-D55 -> 636000 | E56: =E58-E57-E55 -> 681000
A57: Other Current Liabilities | B57: 4494000 | C57: 2590000 | D57: 1937000 | E57: 1048000
A58: Total Current Liabilities | B58: 7017000 | C58: 3760000 | D58: 2875000 | E58: 1925000
A59: Long Term Debt | B59: 0 | C59: 0 | D59: 0 | E59: 0
A60: Other Liabilities | B60: 6190000 | C60: 6417000 | D60: 2892000 | E60: 3157000
A61: Deferred Long Term Liability Charges | B61: 0 | C61: 0 | D61: 0 | E61: 0
A62: Minority Interest | B62: 0 | C62: 0 | D62: 0 | E62: 0
A63: Negative Goodwill | B63: 0 | C63: 0 | D63: 0 | E63: 0
A64: Total Liabilities | B64: 13207000 | C64: 10177000 | D64: 5767000 | E64: 5189000
A65: Stockholders' Equity
A66: Misc. Stocks Options Warrants | B66: 0 | C66: 0 | D66: 0 | E66: 0
A67: Redeemable Preferred Stock | B67: 0 | C67: 0 | D67: 0 | E67: 0
A68: Preferred Stock | B68: 0 | C68: 0 | D68: 0 | E68: 0
A69: Common Stock | B69: 42906000 | C69: 0 | D69: 0 | E69: 0
A70: Retained Earnings | B70: 41981000 | C70: 33990000 | D70: 21670000 | E70: 9787000
A71: Treasury Stock | B71: -760000 | C71: -227000 | D71: -703000 | E71: -455000
A72: Capital Surplus | B72: 42906000 | C72: 40584000 | D72: 38227000 | E72: 34886000
A73: Other Stockholder Equity | B73: -760000 | C73: -227000 | D73: -703000 | E73: -455000
A74: Total Stockholder Equity | B74: 84127000 | C74: 74347000 | D74: 59194000 | E74: 44218000
A75: Net Tangible Assets | B75: 64532000 | C75: 54242000 | D75: 38537000 | E75: 22946000
A78: Cash Flow
A79: All numbers in thousands
A80: Period Ending | B80: 43465 | C80: 43100 | D80: 42735 | E80: 42369
A81: Net Income | B81: 22112000 | C81: 15934000 | D81: 10217000 | E81: 3688000
A82: Operating Activities, Cash Flows Provided By or Used In
A83: Depreciation | B83: 4315000 | C83: 3025000 | D83: 2342000 | E83: 1945000
A84: Adjustments To Net Income | B84: 4374000 | C84: 3370000 | D84: 2791000 | E84: 3903000
A85: Changes In Accounts Receivables | B85: -1892000 | C85: -1609000 | D85: -1489000 | E85: -973000
A86: Changes In Liabilities | B86: 274000 | C86: 47000 | D86: 49000 | E86: 9000
A87: Changes In Inventories | B87: 0 | C87: 0 | D87: 0 | E87: 0
A88: Changes In Other Operating Activities | B88: 91000 | C88: 3449000 | D88: 2198000 | E88: 1748000
A89: Total Cash Flow From Operating Activities | B89: 29274000 | C89: 24216000 | D89: 16108000 | E89: 10320000
A90: Investing Activities, Cash Flows Provided By or Used In
A91: Capital Expenditures | B91: -13915000 | C91: -6733000 | D91: -4491000 | E91: -2523000
A92: Investments | B92: 2474000 | C92: -13250000 | D92: -7186000 | E92: -6700000
A93: Other Cash flows from Investing Activities | B93: -25000 | C93: -13000 | D93: 8000 | E93: 102000
A94: Total Cash Flows From Investing Activities | B94: -11603000 | C94: -20118000 | D94: -11792000 | E94: -9434000
A95: Financing Activities, Cash Flows Provided By or Used In
A96: Dividends Paid | B96: 0 | C96: 0 | D96: 0 | E96: 0
A97: Sale Purchase of Stock | B97: 0 | C97: 0 | D97: 0 | E97: 0
A98: Net Borrowings | B98: 500000 | C98: 500000 | D98: -312000 | E98: -119000
A99: Other Cash Flows from Financing Activities | B99: 15000 | C99: -13000 | D99: 8000 | E99: 8000
A100: Total Cash Flows From Financing Activities | B100: -15572000 | C100: -5235000 | D100: -310000 | E100: -139000
A101: Effect Of Exchange Rate Changes | B101: -179000 | C101: 232000 | D101: -63000 | E101: -155000
A102: Change In Cash and Cash Equivalents | B102: 1920000 | C102: -905000 | D102: 3943000 | E102: 592000

Sheet Finaancial ratios
B1: GOOGL | F1: FB
B2: 43465 | C2: 43100 | D2: 42735 | F2: 43465 | G2: 43100 | H2: 42735
A3: Price-to-earnings ratio | B3: ='Google Financial Statements'!B32/'Google Financial Statements'!B33 -> 25.710031 | C3: ='Google Financial Statements'!C32/'Google Financial Statements'!C33 -> 52.501435 | D3: ='Google Financial Statements'!D32/'Google Financial Statements'!D33 -> 27.475194 | F3: ='FB Financial Statements'!B32/'FB Financial Statements'!B33 -> 22.229855 | G3: ='FB Financial Statements'!C32/'FB Financial Statements'!C33 -> 29.474181 | H3: ='FB Financial Statements'!D32/'FB Financial Statements'!D33 -> 34.066141
A4: Debt-to-equity ratios | B4: ='Google Financial Statements'!B62/'Google Financial Statements'!B72 -> 0.31055915 | C4: ='Google Financial Statements'!C62/'Google Financial Statements'!C72 -> 0.29372074 | D4: ='Google Financial Statements'!D62/'Google Financial Statements'!D72 -> 0.20470238 | F4: ='FB Financial Statements'!B64/'FB Financial Statements'!B74 -> 0.15698884 | G4: ='FB Financial Statements'!C64/'FB Financial Statements'!C74 -> 0.13688515 | H4: ='FB Financial Statements'!D64/'FB Financial Statements'!D74 -> 0.097425415
A5: Return-on-equity ratios | B5: ='Google Financial Statements'!B29/(('Google Financial Statements'!B72+'Google Financial Statements'!C72)/2) -> 0.18620543 | C5: ='Google Financial Statements'!C29/(('Google Financial Statements'!C72+'Google Financial Statements'!D72)/2) -> 0.086863462 | D5: ='Google Financial Statements'!D29/(('Google Financial Statements'!D72+'Google Financial Statements'!E72)/2) -> 0.15019644 | F5: ='FB Financial Statements'!B29/(('FB Financial Statements'!B74+'FB Financial Statements'!C74)/2) -> 0.27906155 | G5: ='FB Financial Statements'!C29/(('FB Financial Statements'!C74+'FB Financial Statements'!D74)/2) -> 0.23863832 | H5: ='FB Financial Statements'!D29/(('FB Financial Statements'!D74+'FB Financial Statements'!E74)/2) -> 0.19759796
A6: Earnings per share | B6: ='Google Financial Statements'!B33 -> 43.7 | C6: ='Google Financial Statements'!C33 -> 18 | D6: ='Google Financial Statements'!D33 -> 27.85 | F6: ='FB Financial Statements'!B33 -> 7.57 | G6: ='FB Financial Statements'!C33 -> 5.39 | H6: ='FB Financial Statements'!D33 -> 3.49
A7: Profit margins | B7: ='Google Financial Statements'!B29/'Google Financial Statements'!B5 -> 0.22464716 | C7: ='Google Financial Statements'!C29/'Google Financial Statements'!C5 -> 0.11422128 | D7: ='Google Financial Statements'!D29/'Google Financial Statements'!D5 -> 0.21577012 | F7: ='FB Financial Statements'!B29/'FB Financial Statements'!B5 -> 0.39600272 | G7: ='FB Financial Statements'!C29/'FB Financial Statements'!C5 -> 0.39195139 | H7: ='FB Financial Statements'!D29/'FB Financial Statements'!D5 -> 0.36967219
A8: Free cash flows | B8: ='Google Financial Statements'!B87+'Google Financial Statements'!B89 -> 22832000 | C8: ='Google Financial Statements'!C87+'Google Financial Statements'!C89 -> 23907000 | D8: ='Google Financial Statements'!D87+'Google Financial Statements'!D89 -> 25824000 | F8: ='FB Financial Statements'!B89+'FB Financial Statements'!B91 -> 15359000 | G8: ='FB Financial Statements'!C89+'FB Financial Statements'!C91 -> 17483000 | H8: ='FB Financial Statements'!D89+'FB Financial Statements'!D91 -> 11617000
B10: industry
A11: P/E Ratio (TTM) | B11: 38.49
A12: Total Debt to Equity (MRQ) | B12: 41.17
A13: Return on Equity - 5 Yr. Avg.(%) | B13: 18.4
A14: Net Profit Margin - 5 Yr. Avg. | B14: 18.73
A16: MRQ = Most Recent Quarter
A17: TTM = Trailing Twelve Months
A18: MRFY = Most Recent Fiscal Year
